 Dungeon Crawl Stone Soup version 0.31-a0-4-gefa6de2278 (webtiles) character file.

Game seed: 2122283489254455534

169 Pimp the Trooper (level 5, -4/47 HPs)
             Began as a Hill Orc Fighter on May 4, 2023.
             Slain by a gnoll bouda
             ... wielding a +0 trident
              (6 damage)
             ... on level 4 of the Dungeon.
             The game lasted 00:05:39 (1953 turns).

Pimp the Trooper (Hill Orc Fighter)                 Turns: 1953, Time: 00:05:39

Health: -4/47      AC:  7    Str: 19    XL:     5   Next: 50%
Magic:  5/5        EV:  9    Int: 10    God:
Gold:   1474       SH:  4    Dex: 10    Spells: 4/4 levels left

rFire   . . .        a - +0 war axe
rCold   . . .        c - +0 buckler
rNeg    . . .        b - +0 scale mail
rPois   +            (no helmet)
rElec   .            (no cloak)
rCorr   .            (no gloves)
SInv    .            (no boots)
Will    .....        k - amulet of regeneration Stlth
                     s - ring of poison resistance
HPRegen 1.07/turn    (no ring)
MPRegen 0.09/turn

%: no passive effects
@: weak-willed
A: no striking features
a: no special abilities


You were on level 4 of the Dungeon.
You visited 1 branch of the dungeon, and saw 4 of its levels.

You collected 1474 gold pieces.

Inventory:

Hand Weapons
 a - a +0 war axe (weapon)
Armour
 b - a +0 scale mail (worn)
 c - a +0 buckler (worn)
 g - a +2 pair of boots of flying
 i - a +0 pair of boots
Jewellery
 k - an amulet of regeneration (around neck)
 s - a ring of poison resistance (left hand)
Scrolls
 e - a scroll of immolation
 p - 6 scrolls of identify
Potions
 d - 2 potions of might
 j - 2 potions of degeneration {unknown}
 l - a potion of flight {unknown}
 m - a potion of magic {unknown}
 n - 2 potions of berserk rage {unknown}
 q - a potion of mutation {unknown}
 r - 2 potions of brilliance {unknown}


   Skills:
 + Level 4.7 Fighting
 + Level 4.2 Axes
 + Level 4.3 Armour
 + Level 4.3 Shields


You had 4 spell levels left.
You didn't know any spells.
Your spell library contained the following spells:

 Spells                   Type           Power      Damage    Failure   Level
 Scorch                   Fire           0%         2d5       90%         2
 Flame Wave               Conj/Fire      0%         2d4       100%        4
 Summon Cactus Giant      Summ           0%         N/A       100%        6


Dungeon Overview and Level Annotations

Branches:
Dungeon (4/15)
 Temple: D:4-7

Altars:
Fedhas
Uskayaw


Message History

The jelly barely misses you.
You slash the jelly!
You kill the jelly!
The gnoll bouda hits you from afar with a +0 trident.
The gnoll bouda barks out a call to the hunt!
The gnoll picks up the pace!
The gnoll hits you but does no damage.
You hit the gnoll bouda.
The gnoll bouda is lightly wounded.
You hit the gnoll. The gnoll bouda closely misses you.
The gnoll hits you but does no damage.
The gnoll bouda calls upon its god to heal the gnoll.
The gnoll's wounds heal themselves!
You barely miss the gnoll bouda.
The gnoll bouda is lightly wounded.
The gnoll shouts!
You hit the goblin. You hit the gnoll. You barely miss the gnoll.
The gnoll hits you with a +0 spear. The gnoll hits you with a +0 flail.
The gnoll bouda hits you with a +0 trident.
* * * LOW HITPOINT WARNING * * *
The goblin hits you but does no damage. The gnoll barely misses you. x2
You hit the gnoll bouda.
The gnoll bouda is moderately wounded.
You hit the gnoll. You hit the goblin but do no damage.
You hit the gnoll but do no damage. The goblin hits you but does no damage.
The gnoll bouda closely misses you. The gnoll hits you with a +0 spear.
* * * LOW HITPOINT WARNING * * *
The gnoll hits you with a +0 flail.
* * * LOW HITPOINT WARNING * * *
You barely miss the gnoll bouda.
The gnoll bouda is moderately wounded.
You barely miss the gnoll. You hit the goblin.
You kill the goblin!
You barely miss the gnoll.
The gnoll bouda barks out a call to the hunt!
The gnoll picks up the pace!
The gnoll closely misses you. The gnoll hits you with a +0 flail.
* * * LOW HITPOINT WARNING * * *
The gnoll bouda hits you with a +0 trident.
You die...

..#......#............
..#....†.#..............
..+......#..............
..#......#..............
..#......#.......##.)[..
###......#...g...##.....
.........#..............
...#######......g.......
...+ .......@.......
...# ......)gg......
...# #.......##.....
...# #.....!.# .....
#### #.....g.. .....
......... .... .........
... ..........


You could see a gnoll bouda (weak-willed) and 4 gnolls.

Vanquished Creatures
  2 jellies (D:4)
  4 adders
  3 worms
  2 orcs (D:3)
  5 endoplasms
  3 giant cockroaches
  5 goblins
  4 hobgoblins
  5 jackals
  6 quokkas
  7 ball pythons
  5 bats
  3 frilled lizards
  2 kobolds (D:1)
  6 rats
62 creatures vanquished.

Vanquished Creatures (others)
  3 plants (D:2)
3 creatures vanquished.

Grand Total: 65 creatures vanquished

Notes
Turn   | Place    | Note
-------+----------+-------------------------------------------
     0 | D:1      | Pimp the Hill Orc Fighter began the quest for the Orb.
     0 | D:1      | Reached XP level 1. HP: 19/19 MP: 1/1
   183 | D:1      | Reached XP level 2. HP: 26/27 MP: 2/2
   691 | D:1      | Reached XP level 3. HP: 33/33 MP: 3/3
   871 | D:2      | Reached XP level 4. HP: 40/40 MP: 4/4
  1307 | D:3      | Identified a scroll of acquirement
  1307 | D:3      | Acquired 1247 gold pieces
  1458 | D:3      | Acquired a +2 pair of boots of flying
  1662 | D:3      | Found a blossoming altar of Fedhas.
  1662 | D:3      | Found a hide-covered altar of Uskayaw.
  1818 | D:4      | Reached XP level 5. HP: 45/47 MP: 5/5
  1953 | D:4      | HP: 2/47 [gnoll/+0 flail[a gnoll bouda] (4)]
  1953 | D:4      | Slain by a gnoll bouda

Illustrated notes

Levels and vault maps discovered:
D:1:      denvon_arrival_waterhouse, layout_basic
D:2:      layout_rooms, serial_forest, infiniplex_forest_clump_double,
          infiniplex_forest_straight_4, infiniplex_forest_zigzag_1,
          infiniplex_forest_lined_2, infiniplex_forest_zigzag_1,
          infiniplex_forest_straight_3, minmay_circle_x
D:3:      layout_rooms, gammafunk_temple_overflow_wave, kennysheep_another_room
D:4:      layout_gridville, minmay_shop_damaged

Skill      XL: |  1  2  3  4 |
---------------+-------------+-----
Axes           | 3 4 |  4.2
Fighting       | 4 |  4.7
Armour         | 4 |  4.3
Shields        | 4 |  4.3

Action                     |  1- 3 |  4- 6 || total
---------------------------+-------+-------++-------
  Melee: War axe           |    89 |    85 ||   174
    Use: Scroll            |       |     9 ||     9
         Potion            |       |     1 ||     1
 Armour: Scale mail        |    66 |    58 ||   124
  Dodge: Dodged            |    57 |    60 ||   117
  Block: Buckler           |    18 |    17 ||    35

Table legend: (Time is in decaauts)
 A = Elapsed time spent in this place.
 B = Non-inter-level travel time spent in this place.
 C = Inter-level travel time spent in this place.
 D = Time resting spent in this place.
 E = Time spent auto-exploring this place.
 F = Levels seen in this place.
 G = Mean time per level.
                   A        B        C        D        E       F      G
               +--------+--------+--------+--------+--------+-----+--------+
         Total |   2016 |   1923 |     93 |      0 |   1349 |   4 |  504.0 |
       Dungeon |   2016 |   1923 |     93 |      0 |   1349 |   4 |  504.0 |
               +--------+--------+--------+--------+--------+-----+--------+

Top non-repeatable levels by time:
     D:1: 773 daAuts
     D:2: 572 daAuts
     D:3: 441 daAuts
     D:4: 229 daAuts
